 Dungeon Crawl Stone Soup version 0.29.1-2-gbd0b4ee654 (webtiles) character file.

Game seed: 4244736940120369793

132 Icepheonix32 the Changer (level 5, 0/49 HPs)
             Began as an Octopode Transmuter on Nov 18, 2022.
             Succumbed to a kobold's poison
             ... on level 3 of the Dungeon.
             The game lasted 00:04:49 (3151 turns).

Icepheonix32 the Changer (Octopode Transmuter)      Turns: 3151, Time: 00:04:50

Health: 0/49       AC: 22    Str: 15    XL:     5   Next: 15%
Magic:  8/8        EV:  2    Int: 15    God:
Gold:   122        SH:  0    Dex: 17    Spells: 7/8 levels left

rFire   . . .      SeeInvis .   j - +7 hand axe "Qeukez" {elec, Fragile Str+4 Dex+4}
rCold   . . .      Faith    .   (no shield)
rNeg    . . .      Spirit   .   (helmet currently unavailable)
rPois   +          Reflect  .   (no amulet)
rElec   .          Harm     .   (no ring)
rCorr   .          Rampage  .   (no ring)
Will    .....      NoTele   +   (no ring)
Stlth   ++........              (no ring)
HPRegen 0.16/turn               (no ring)
MPRegen 0.11/turn               (no ring)
                                (no ring)
                                (no ring)

@: lethally poisoned (0 -> -4), tree-form
A: stationary, stasis, torment immunity, boosted hp, almost no armour,
(amphibious), 8 rings, (camouflage 1), (gelatinous body 1), (nimble swimmer 1),
(tentacles)
a: no special abilities


You were on level 3 of the Dungeon.
You were a tree.
You visited 1 branch of the dungeon, and saw 4 of its levels.

You collected 122 gold pieces.

Inventory:

Hand Weapons
 j - the +7 hand axe "Qeukez" (weapon) {elec, Fragile Str+4 Dex+4}
   (You found it on level 2 of the Dungeon)

   It occasionally discharges a powerful burst of electricity upon striking a
   foe.
   Str:       It affects your strength (+4).
   Dex:       It affects your dexterity (+4).
   Fragile:   It will be destroyed if unequipped.
Missiles
 i - 3 javelins
Magical Staves
 d - a staff of cold
Scrolls
 c - a scroll of vulnerability
 f - 2 scrolls of blinking
 g - a scroll of enchant weapon {unknown}
 k - a scroll of fog
Potions
 e - a potion of brilliance
 h - 2 potions of might


   Skills:
 + Level 1.0 Fighting
 + Level 2.0 Dodging
 + Level 1.1 Stealth
 + Level 3.0 Unarmed Combat
 + Level 2.3 Spellcasting
 * Level 4.8 Transmutations


You had 7 spell levels left.
You knew the following spells:

 Your Spells              Type           Power      Damage    Failure   Level
a - Beastly Appendage     Tmut           32%        N/A       3%          1

Your spell library contained the following spells:

 Spells                   Type           Power      Damage    Failure   Level
 Wereblood                Tmut           16%        N/A       4%          2
 Spider Form              Tmut/Pois      8%         N/A       24%         3
 Ice Form                 Ice/Tmut       8%         N/A       63%         4


Dungeon Overview and Level Annotations

Branches:
Dungeon (4/15)
 Temple: D:4-7

Altars:
Kikubaaqudgha
Zin

Shops:
D:3 ?


Innate Abilities, Weirdness & Mutations

You are a tree.
Your roots penetrate the ground, keeping you stationary.
You cannot be teleported.
You are immune to unholy pain and torment.
Your maximum health is greatly increased.
You cannot wear most types of armour.
((You are amphibious.))
You can wear up to eight rings at the same time.
((Your skin changes colour to match your surroundings (Stealth+).))
((Your rubbery body absorbs attacks. (AC +1, EV +1)))
((You are camouflaged when in or above water. (Stealth+)))
((You have tentacles for arms and can constrict up to eight enemies at once.))


Message History

You feel agile.
The ball python hisses angrily.
You hit the gnoll but do no damage. You grab the gnoll. You squeeze the gnoll.
The gnoll is moderately wounded.
You constrict the gnoll, but do no damage.
The gnoll hits you with a +0 club. x2
* * * LOW HITPOINT WARNING * * *
You hit the gnoll.
You pierce the gnoll.
You kill the gnoll!
A kobold comes into view.
It is wielding a +0 dagger and quivering poisoned darts.
The kobold moves out of view.
Items here: ( )) †.
The kobold shouts!
The ball python closely misses you. The ball python barely misses you.
The ball python bites you.
* * * LOW HITPOINT WARNING * * *
The ball python closely misses you.
There is a stone staircase leading up here.
You barely miss the ball python. Your grab misses the ball python.
The ball python closely misses you. The ball python grabs you.
The ball python constricts you.
You slash the ball python!
Lightning courses through the ball python!
You kill the ball python!
Your transformation is almost over.
The kobold throws a poisoned dart.
The poisoned dart hits you!
You are lethally poisoned!
You climb upwards.
* * * LOW HITPOINT WARNING * * *
You feel sick.
There is a stone staircase leading down here.
Really quaff the potion of lignification?
Your tentacle spike disappears.
You turn into a tree.
Your roots penetrate the ground.
* * * LOW HITPOINT WARNING * * *
You feel sick.
Unknown command.
Okay, then.
Okay, then.
You die...

#...#####.##.#######
##...........#
#........####
#........#
#........#
#........#
#........#
#........#
#.♣......#
##########


There were no monsters in sight!

Vanquished Creatures
  3 gnolls (D:4)
  4 adders
  6 ball pythons
  9 endoplasms
  4 giant cockroaches
  5 goblins
  7 hobgoblins
  2 jackals (D:2)
  5 kobolds
  2 quokkas
  4 bats
  3 frilled lizards (D:1)
  9 rats
63 creatures vanquished.

Notes
Turn   | Place    | Note
-------+----------+-------------------------------------------
     0 | D:1      | Icepheonix32 the Octopode Transmuter began the quest for
                  | the Orb.
     0 | D:1      | Reached XP level 1. HP: 13/13 MP: 3/3
   176 | D:1      | Reached XP level 2. HP: 18/18 MP: 3/5
   383 | D:1      | Reached skill level 3 in Transmutations
   704 | D:1      | Found a faded altar of an unknown god.
   761 | D:1      | Reached XP level 3. HP: 23/23 MP: 4/6
  1749 | D:2      | Identified the +7 hand axe "Qeukez" {elec, Fragile Str+4
                  | Dex+4}
  1860 | D:2      | Reached skill level 4 in Transmutations
  1866 | D:2      | Reached XP level 4. HP: 18/28 MP: 7/7
  2134 | D:2      | Found an ancient bone altar of Kikubaaqudgha.
  2302 | D:3      | Found Amid's Magic Scroll Emporium.
  2641 | D:3      | Found a glowing silver altar of Zin.
  2677 | D:3      | Reached skill level 1 in Stealth
  3142 | D:4      | Reached XP level 5. HP: 15/33 MP: 6/8
  3149 | D:3      | HP: 1/33 [poisoned by a kobold]
  3151 | D:3      | Succumbed to a kobold's poison

Illustrated notes

Levels and vault maps discovered:
D:1:      psy_arrival_conway, layout_basic,
          ebering_ecumenical_altar_sacrificial, chequers_serial_rivers_micro_e
D:2:      layout_basic, basic_altar
D:3:      layout_basic, zin_treasury, serial_shops, shop
D:4:      layout_basic, xom_confusion_cloud, minmay_temple_entry_ruins,
          serial_shops, shop, minmay_goblin_kobold_house

Skill      XL: |  1  2  3  4 |
---------------+-------------+-----
Transmutations | 3 4 |  4.8
Stealth        | 1 |  1.1
Fighting       | |  1.0
Dodging        | |  2.0
Unarmed Combat | |  3.0
Spellcasting   | |  2.3

Action                   |  1- 3 |  4- 6 || total
-------------------------+-------+-------++-------
Melee: Unarmed           |    73 |       ||    73
       Constrict         |    21 |     5 ||    26
       Tentacles         |    15 |     5 ||    20
       Kick              |    15 |     3 ||    18
       Hand axe          |       |    35 ||    35
 Cast: Beastly Appendage |    26 |    13 ||    39
  Use: Scroll            |       |     7 ||     7
       Potion            |       |     3 ||     3
 Stab: Sleeping          |    10 |     3 ||    13
Armor: Skin              |     3 |     1 ||     4
Dodge: Dodged            |    35 |    19 ||    54
